 Dungeon Crawl Stone Soup version 0.16.2-12-gd0ad4c3 (webtiles) character file.

152 Klogten the Conjurer (level 5, 0/31 HPs)
             Began as a High Elf Conjurer on Nov 4, 2015.
             Killed from afar by Klogten's ghost (4 damage)
             ... with a magic dart
             ... on level 3 of the Dungeon.
             The game lasted 00:23:27 (3497 turns).

Klogten the Conjurer (High Elf Conjurer)            Turns: 3497, Time: 00:23:27

Health: 0/31       AC:  2    Str:  7    XL:     5   Next: 11%
Magic:  0/15       EV: 12    Int: 19    God:
Gold:   176        SH:  0    Dex: 16    Spells: 3 memorised, 3 levels left

rFire  . . .     SeeInvis .     l - +3 short sword
rCold  . . .     Clarity  .     a - +0 robe
rNeg   . . .     SustAb   .     (no shield)
rPois  .         Gourm    .     (no helmet)
rElec  .         Spirit   .     (no cloak)
rCorr  .         Warding  .     (no gloves)
rMut   .         Stasis   .     (no boots)
MR     .....                    (no amulet)
Stlth  ++........               (no ring)
                                (no ring)

@: very slightly contaminated, heavily drained, invisible, not resistant to
hostile enchantments, unstealthy
A: no striking features
a: no special abilities


You were on level 3 of the Dungeon.
You were hungry.

You visited 1 branch of the dungeon, and saw 3 of its levels.

You collected 176 gold pieces.

Inventory:

Hand weapons
 l - a +3 short sword (weapon)
Armour
 a - a +0 robe (worn)
Magical devices
 k - a wand of enslavement (14)
Scrolls
 e - 3 scrolls of amnesia
 f - a scroll of fear {unknown}
 j - a scroll of identify
 m - a scroll of random uselessness {unknown}
 q - 3 scrolls of blinking
 r - a scroll of remove curse
Potions
 h - a potion of restore abilities
 i - 2 potions of invisibility
Books
 c - a book of Conjurations

   Spells                             Type                      Level
   a - Magic Dart                     Conjuration                  1
   b - Searing Ray                    Conjuration                  2
   c - Dazzling Spray                 Conjuration/Hexes            3
   d - Fulminant Prism                Conjuration/Hexes            4
   e - Iskenderun's Mystic Blast      Conjuration                  4
   f - Iskenderun's Battlesphere      Conjuration/Charms           5
Comestibles
 b - a bread ration
 d - a chunk of flesh
 n - 3 fruits
 o - a beef jerky


   Skills:
 * Level 1.7(0.7) Short Blades
 + Level 2.4(1.3) Dodging
 + Level 2.6(1.5) Stealth
 * Level 3.7(2.6) Spellcasting
 * Level 5.8(4.6) Conjurations
 + Level 0.2(0.0) Hexes


You had 3 spell levels left.
You knew the following spells:

 Your Spells              Type           Power        Failure   Level  Hunger
a - Magic Dart            Conj           ###.         2%          1    #......
b - Dazzling Spray        Conj/Hex       ##......     21%         3    ###....
c - Iskenderun's Mystic   Conj           ###.....     28%         4    #####..


Dungeon Overview and Level Annotations

Branches:
Dungeon (3/15)

Altars:
Qazlal

Annotations:
D:3 Klogten's ghost, average HECj


Message History

The magic dart hits Klogten's ghost.
Klogten's ghost is moderately damaged.
Klogten's ghost gestures at you while chanting.
The magic dart hits you!
Casting: Magic Dart
Confirm with . or Enter, or press ? or * to list all spells.
Aiming: Magic Dart
Press: ? - help, Shift-Dir - straight line, f/p - Klogten's ghost
Aim: Klogten's ghost, wielding a weapon of draining (moderately damaged)
The magic dart hits Klogten's ghost.
Klogten's ghost is moderately damaged.
Klogten's ghost whispers, "You will understand me better in a moment."
Klogten's ghost hits you.
* * * LOW HITPOINT WARNING * * *
You feel drained.
* * * LOW HITPOINT WARNING * * *
You fade into invisibility!
Klogten's ghost points at you and mumbles some strange words.
The magic dart hits you!
You die...

###.#### #.# #..
###.###########.########.
#..>.................###.
#...###########.####..##.
#........................
###........................
#.'........#.####.####..##.
#.#<..#..W).......(........
#.#...####@#.####..........
#.#...# #.#.####........#.
#.#...# #.#...............
#.##### #.######.###.#.#.. #.#
###.######..#.#..#.. #.#
#..........#...#....
####.######.....####.....#.#..
#..........................##.
###########.....###.......###.


You could see Klogten's ghost.

Vanquished Creatures
  An orc wizard (D:3)
  3 adders
  3 worms (D:2)
  3 giant geckos
  6 orcs (D:3)
  A giant cockroach (D:1)
  9 goblins
  10 hobgoblins
  2 jackals (D:1)
  11 kobolds
  2 oozes (D:3)
  A quokka (D:3)
  8 bats
  4 giant newts
  8 rats
72 creatures vanquished.

Vanquished Creatures (others)
  A ball python (D:3)
1 creature vanquished.

Grand Total: 73 creatures vanquished

Notes
Turn   | Place    | Note
--------------------------------------------------------------
     0 | D:1      | Klogten, the High Elf Conjurer, began the quest for the Orb.
     0 | D:1      | Reached XP level 1. HP: 11/11 MP: 4/4
   155 | D:1      | Reached XP level 2. HP: 17/17 MP: 3/6
   467 | D:1      | Reached skill level 5 in Conjurations
   725 | D:2      | Reached XP level 3. HP: 21/21 MP: 5/8
   730 | D:2      | Learned a level 3 spell: Dazzling Spray
  1201 | D:2      | Reached XP level 4. HP: 19/27 MP: 1/12
  1317 | D:2      | Reached skill level 1 in Short Blades
  1323 | D:2      | Learned a level 4 spell: Iskenderun's Mystic Blast
  1525 | D:2      | Found a stormy altar of Qazlal.
  1908 | D:3      | Noticed Klogten's ghost (average HECj)
  1920 | D:3      | HP: 1/27 [Klogten's ghost/magic dart (8)]
  2886 | D:3      | Reached XP level 5. HP: 31/31 MP: 11/15
  3497 | D:3      | Killed from afar by Klogten's ghost

Action                   |  1- 3 |  4- 6 || total
-------------------------+-------+-------++-------
Melee: Dagger            |    18 |       ||    18
       Short sword       |     7 |    22 ||    29
 Cast: Magic Dart        |    58 |    56 ||   114
       Dazzling Spray    |     6 |    11 ||    17
       Iskenderun's Myst |       |     4 ||     4
Evoke: Wand              |       |     1 ||     1
  Use: Scroll            |     6 |     1 ||     7
       Potion            |       |     5 ||     5
 Stab: Invisible         |     1 |       ||     1
  Eat: Chunk             |     1 |     4 ||     5
       Fruit             |       |     2 ||     2
       Bread ration      |       |     1 ||     1
